MWL (24 & UNDER)
MANHATTEN MEATHEADS @ MINNESOTA DEATH STARS
04/03/2023
 
TOP OF THE 1ST
Manhatten Meatheads batting - Pitching for Minnesota Death Stars : LHP Arturo Sánchez
Pitching: LHP Arturo Sánchez
Batting: RHB Iván Moreno 0-0: Called Strike
0-1: Foul Ball, location: 2F
0-2: Strikes out looking
Batting: LHB António Cedeńo 0-0: Ball
1-0: Swinging Strike
1-1: Called Strike
1-2: Strikes out swinging
Batting: RHB Kyle O'Day 0-0: Fly out, F5 (Line Drive, 5S)
Top of the 1st over - 0 run(s), 0 hit(s), 0 error(s), 0 left on base; Manhatten 0 - Minnesota 0
BOTTOM OF THE 1ST
Minnesota Death Stars batting - Pitching for Manhatten Meatheads : RHP Rafael Ramírez
Pitching: RHP Rafael Ramírez
Batting: LHB Pat Zimmerman 0-0: Ball
1-0: Called Strike
1-1: Swinging Strike
1-2: Strikes out swinging
Batting: RHB Steve Garneys 0-0: Called Strike
0-1: Ball
1-1: DOUBLE (Line Drive, 9LM)
Batting: LHB Jarrod O'Milford 0-0: Called Strike
0-1: Ball
1-1: Ball
2-1: Ball
3-1: Called Strike
3-2: Base on Balls
Batting: SHB Boys van der Lack 0-0: Called Strike
0-1: Ball
1-1: Swinging Strike
1-2: Fielders Choice at 2nd, 6-4 (Groundball, 6)
Steve Garneys to third
Batting: SHB Tim Abbott 0-0: Ball
1-0: Ball
2-0: Fly out, F7 (Flyball, 7M)
Bottom of the 1st over - 0 run(s), 1 hit(s), 0 error(s), 2 left on base; Manhatten 0 - Minnesota 0
TOP OF THE 2ND
Manhatten Meatheads batting - Pitching for Minnesota Death Stars : LHP Arturo Sánchez
Batting: RHB Miguel Serna 0-0: Foul Ball, location: 2F
0-1: Ball
1-1: Foul Ball, location: 2F
1-2: Foul Ball, location: 2F
1-2: Ground out 1-3 (Groundball, 13)
Batting: LHB Dave Watt 0-0: Called Strike
0-1: Ground out 4-3 (Groundball, 4)
Batting: RHB Jason Erickson 0-0: Called Strike
0-1: Ball
1-1: Ball
2-1: Swinging Strike
2-2: SINGLE (Groundball, 34D)
Batting: RHB William Moore 0-0: Ball
1-0: Called Strike
1-1: Foul Ball, location: 2F
1-2: Foul Ball, location: 2F
1-2: Ground out 6-3 (Groundball, 6)
Top of the 2nd over - 0 run(s), 1 hit(s), 0 error(s), 1 left on base; Manhatten 0 - Minnesota 0
BOTTOM OF THE 2ND
Minnesota Death Stars batting - Pitching for Manhatten Meatheads : RHP Rafael Ramírez
Batting: LHB Sean Nicks 0-0: Ball
1-0: Swinging Strike
1-1: Swinging Strike
1-2: Foul Ball, location: 2F
1-2: Fly out, F9 (Flyball, 9D)
Batting: RHB Keith Sims 0-0: Ball
1-0: Reached on error, E5 (Groundball, 56)
Batting: RHB Soetsu Kaneko 0-0: Ball
1-0: Ball
2-0: Ball
3-0: Base on Balls
Keith Sims to second
Batting: RHB Jorge Castillo 0-0: Called Strike
0-1: Swinging Strike
0-2: Strikes out swinging
Batting: LHB Pat Zimmerman 0-0: Foul Ball, location: 2F
0-1: Fly out, F4 (Popup, 89S)
Bottom of the 2nd over - 0 run(s), 0 hit(s), 1 error(s), 2 left on base; Manhatten 0 - Minnesota 0
TOP OF THE 3RD
Manhatten Meatheads batting - Pitching for Minnesota Death Stars : LHP Arturo Sánchez
Batting: LHB Ed Murray 0-0: Called Strike
0-1: Swinging Strike
0-2: Ball
1-2: Strikes out swinging
Batting: RHB Juan Reyes 0-0: Ball
Reached via error on a dropped throw, E3
Batting: RHB Iván Moreno 0-0: Called Strike
0-1: Ball
1-1: Swinging Strike
1-2: Grounds into double play, 5-4-3 (Groundball, 5)
Top of the 3rd over - 0 run(s), 0 hit(s), 1 error(s), 0 left on base; Manhatten 0 - Minnesota 0
BOTTOM OF THE 3RD
Minnesota Death Stars batting - Pitching for Manhatten Meatheads : RHP Rafael Ramírez
Batting: RHB Steve Garneys 0-0: Ground out 5-3 (Groundball, 56)
Batting: LHB Jarrod O'Milford 0-0: Ball
1-0: Ball
2-0: Ground out 4-3 (Groundball, 34)
Batting: SHB Boys van der Lack 0-0: Ball
1-0: Fly out, F8 (Flyball, 8LM)
Bottom of the 3rd over - 0 run(s), 0 hit(s), 0 error(s), 0 left on base; Manhatten 0 - Minnesota 0
TOP OF THE 4TH
Manhatten Meatheads batting - Pitching for Minnesota Death Stars : LHP Arturo Sánchez
Batting: LHB António Cedeńo 0-0: Ball
1-0: Ball
2-0: Ground out 4-3 (Groundball, 4M)
Batting: RHB Kyle O'Day 0-0: Ball
1-0: Ball
2-0: Ball
3-0: Called Strike
3-1: Base on Balls
Batting: RHB Miguel Serna 0-0: SINGLE (Line Drive, 34)
Kyle O'Day to second
Batting: LHB Dave Watt 0-0: Called Strike
Kyle O'Day steals 3rd base
Miguel Serna to second
0-1: Fly out, F4 (Popup, 34)
Batting: RHB Jason Erickson 0-0: Called Strike
0-1: Swinging Strike
0-2: DOUBLE (Line Drive, 5L)
Kyle O'Day scores
Miguel Serna scores
Batting: RHB William Moore 0-0: Ball
1-0: Called Strike
1-1: Ball
2-1: Called Strike
2-2: Ball
3-2: Foul Ball, location: 2F
3-2: Strikes out looking
Top of the 4th over - 2 run(s), 2 hit(s), 0 error(s), 1 left on base; Manhatten 2 - Minnesota 0
BOTTOM OF THE 4TH
Minnesota Death Stars batting - Pitching for Manhatten Meatheads : RHP Rafael Ramírez
Batting: SHB Tim Abbott 0-0: Ball
1-0: Ball
2-0: Ball
3-0: Base on Balls
Batting: LHB Sean Nicks 0-0: Ball
1-0: DOUBLE (Line Drive, 7LM)
Tim Abbott to third
Batting: RHB Keith Sims 0-0: Ball
1-0: Ball
2-0: Called Strike
2-1: Fly out, F7 (Line Drive, 7S)
Runner from 3rd tags up, SCORES, throw made
Batting: RHB Soetsu Kaneko Error on foul ball, E7
0-1: Fly out, F8 (Flyball, 8LM)
Batting: RHB Jorge Castillo 0-0: Called Strike
0-1: Foul Ball, location: 2F
0-2: Ball
1-2: Ball
2-2: Ball
3-2: Strikes out looking
Bottom of the 4th over - 1 run(s), 1 hit(s), 1 error(s), 1 left on base; Manhatten 2 - Minnesota 1
TOP OF THE 5TH
Manhatten Meatheads batting - Pitching for Minnesota Death Stars : LHP Arturo Sánchez
Batting: LHB Ed Murray 0-0: Ball
1-0: Ground out 4-3 (Groundball, 4)
Batting: RHB Juan Reyes 0-0: Ground out 6-3 (Groundball, 6)
Batting: RHB Iván Moreno 0-0: Called Strike
0-1: Ball
1-1: Ball
2-1: Ball
3-1: Called Strike
3-2: Base on Balls
Batting: LHB António Cedeńo 0-0: Ball
1-0: Ball
2-0: Called Strike
2-1: Swinging Strike
2-2: Foul Ball, location: 2F
2-2: Strikes out looking
Top of the 5th over - 0 run(s), 0 hit(s), 0 error(s), 1 left on base; Manhatten 2 - Minnesota 1
BOTTOM OF THE 5TH
Minnesota Death Stars batting - Pitching for Manhatten Meatheads : RHP Rafael Ramírez
Batting: LHB Pat Zimmerman 0-0: Ball
1-0: Called Strike
1-1: SOLO HOME RUN (Flyball, 9LD), Distance : 352 ft
Batting: RHB Steve Garneys 0-0: Foul Ball, location: 2F
0-1: Called Strike
0-2: Fly out, F3 (Line Drive, 3)
Batting: LHB Jarrod O'Milford 0-0: Ball
1-0: Foul Ball, location: 2F
1-1: Ball
2-1: Fly out, F8 (Flyball, 8RM)
Batting: SHB Boys van der Lack 0-0: SINGLE (Line Drive, 7S)
Batting: SHB Tim Abbott 0-0: Called Strike
0-1: Ball
1-1: Fielders Choice at 2nd, U6 (Groundball, 6M)
Bottom of the 5th over - 1 run(s), 2 hit(s), 0 error(s), 1 left on base; Manhatten 2 - Minnesota 2
TOP OF THE 6TH
Manhatten Meatheads batting - Pitching for Minnesota Death Stars : LHP Arturo Sánchez
Batting: RHB Kyle O'Day 0-0: Called Strike
0-1: Ball
1-1: SINGLE (Groundball, 23) (infield hit)
Batting: RHB Miguel Serna 0-0: Fielders Choice at 2nd, 6-4 (Groundball, 6)
Batting: LHB Dave Watt 0-0: Called Strike
0-1: Swinging Strike
0-2: Ball
Miguel Serna steals 2nd base
1-2: Ball
2-2: Fly out, F8 (Line Drive, 8LM)
Batting: RHB Jason Erickson 0-0: Ball
1-0: Foul Ball, location: 2F
1-1: Ball
2-1: Ground out 5-3 (Groundball, 5S)
Top of the 6th over - 0 run(s), 1 hit(s), 0 error(s), 1 left on base; Manhatten 2 - Minnesota 2
BOTTOM OF THE 6TH
Minnesota Death Stars batting - Pitching for Manhatten Meatheads : RHP Rafael Ramírez
Batting: LHB Sean Nicks 0-0: Called Strike
0-1: Ball
1-1: Foul Ball, location: 2F
1-2: Ground out 1-3 (Groundball, 15S)
Batting: RHB Keith Sims 0-0: Called Strike
0-1: Ground out 4-3 (Groundball, 4)
Batting: RHB Soetsu Kaneko 0-0: Ball
1-0: Foul Ball, location: 2F
1-1: Ball
2-1: DOUBLE (Groundball, 5L)
Batting: RHB Jorge Castillo 0-0: Ball
1-0: Swinging Strike
1-1: Ball
2-1: Swinging Strike
2-2: Foul Ball, location: 2F
2-2: Strikes out looking
Bottom of the 6th over - 0 run(s), 1 hit(s), 0 error(s), 1 left on base; Manhatten 2 - Minnesota 2
TOP OF THE 7TH
Manhatten Meatheads batting - Pitching for Minnesota Death Stars : LHP Arturo Sánchez
Batting: RHB William Moore 0-0: Ground out 5-3 (Groundball, 5)
Pitching: LHP Mike O'Brien
Batting: LHB Ed Murray 0-0: Ball
1-0: Ball
2-0: Fly out, F9 (Flyball, 9M)
Pinch Hitting: RHB Lynn Ford 0-0: Called Strike
0-1: Foul Ball, location: 2F
0-2: Ball
1-2: Ball
Reached via error on a dropped throw, E3
Batting: RHB Iván Moreno 0-0: Ball
1-0: Called Strike
1-1: Ball
2-1: Ball
3-1: Fielders Choice at 2nd, U6 (Groundball, 6M)
Top of the 7th over - 0 run(s), 0 hit(s), 1 error(s), 1 left on base; Manhatten 2 - Minnesota 2
BOTTOM OF THE 7TH
Minnesota Death Stars batting - Pitching for Manhatten Meatheads : RHP Rafael Ramírez
Pitching: RHP Mario Tovar
Now at 3B: Lynn Ford
Batting: LHB Pat Zimmerman 0-0: Ball
1-0: Ball
2-0: Foul Ball, location: 2F
2-1: SINGLE (Groundball, 34D) (infield hit)
Pinch Hitting: LHB Chris Loudermilk 0-0: Called Strike
0-1: Ball
1-1: Ball
2-1: Fielders Choice at 2nd, 6-4 (Groundball, 6)
Batting: LHB Jarrod O'Milford 0-0: DOUBLE (Line Drive, 5D)
Chris Loudermilk to third
Runner from 3rd tries for Home, SAFE, throw made home
Pinch Hitting: RHB Dave Henderson 0-0: Called Strike
0-1: Ball
1-1: Ball
2-1: SINGLE (Line Drive, 6M)
Jarrod O'Milford to third
Runner from 3rd tries for Home, SAFE, no throw or cutoff
Batting: SHB Tim Abbott 0-0: Fly out, F7 (Flyball, 78M)
Batting: LHB Sean Nicks 0-0: Ball
1-0: Foul Ball, location: 2F
1-1: Ball
2-1: Fly out, F8 (Flyball, 8LD)
Bottom of the 7th over - 2 run(s), 3 hit(s), 0 error(s), 1 left on base; Manhatten 2 - Minnesota 4
TOP OF THE 8TH
Manhatten Meatheads batting - Pitching for Minnesota Death Stars : LHP Mike O'Brien
Now at SS: Dave Henderson
Now in CF: Chris Loudermilk
Batting: LHB António Cedeńo 0-0: Called Strike
0-1: Ball
1-1: Called Strike
1-2: Ball
2-2: Ground out 6-3 (Groundball, 6)
Batting: RHB Kyle O'Day 0-0: SINGLE (Line Drive, 4D)
Pitching: RHP Nick Thompson
Batting: RHB Miguel Serna 0-0: Ball
1-0: Called Strike
1-1: Foul Ball, location: 2F
1-2: Ball
2-2: Foul Ball, location: 2F
2-2: Ball
3-2: Base on Balls
Kyle O'Day to second
Pitching: LHP Keith Jennings
Batting: LHB Dave Watt 0-0: Ball
1-0: Called Strike
1-1: Fly out, F5 (Popup, 5SF)
Pitching: RHP Júlio Ruíz
Batting: RHB Jason Erickson 0-0: Called Strike
0-1: Ball
1-1: Foul Ball, location: 2F
1-2: Strikes out swinging
Top of the 8th over - 0 run(s), 1 hit(s), 0 error(s), 2 left on base; Manhatten 2 - Minnesota 4
BOTTOM OF THE 8TH
Minnesota Death Stars batting - Pitching for Manhatten Meatheads : RHP Mario Tovar
Batting: RHB Keith Sims 0-0: SINGLE (Line Drive, 6MD)
Batting: RHB Soetsu Kaneko 0-0: Fly out, F5 (Line Drive, 5)
Batting: RHB Jorge Castillo 0-0: Called Strike
0-1: Ball
1-1: Swinging Strike
1-2: Ball
Keith Sims steals 2nd base
2-2: Strikes out swinging
Batting: LHB Pat Zimmerman 0-0: Foul Ball, location: 2F
0-1: Foul Ball, location: 2F
0-2: Ball
1-2: Foul Ball, location: 2F
1-2: Ball
2-2: Ball
3-2: Base on Balls
Batting: LHB Chris Loudermilk 0-0: Called Strike
0-1: Fly out, F7 (Flyball, 8LS)
Bottom of the 8th over - 0 run(s), 1 hit(s), 0 error(s), 2 left on base; Manhatten 2 - Minnesota 4
TOP OF THE 9TH
Manhatten Meatheads batting - Pitching for Minnesota Death Stars : RHP Júlio Ruíz
Pitching: RHP John Thompson
Batting: RHB William Moore 0-0: Ball
1-0: Foul Ball, location: 2F
1-1: Ball
2-1: Ball
3-1: Foul Ball, location: 2F
3-2: Strikes out looking
Batting: LHB Ed Murray 0-0: Ball
1-0: Ground out 4-3 (Groundball, 4M)
Batting: RHB Lynn Ford 0-0: Called Strike
0-1: Called Strike
0-2: Strikes out swinging
Top of the 9th over - 0 run(s), 0 hit(s), 0 error(s), 0 left on base; Manhatten 2 - Minnesota 4
This league is powered by Out of the Park Baseball, the baseball management simulation game for PC, Mac and Linux
Wednesday, December 2nd, 2015 - OOTP Baseball 16.8 Build 38